 Dungeon Crawl Stone Soup version 0.26-a0-812-g31a745ddcd (webtiles) character file.

Game seed: 10343475192908584193

371 dmks the Sneak (level 6, -1/36 HPs)
             Began as an Octopode Hedge Wizard on Nov 14, 2020.
             Slain by an orc wizard
             ... wielding a +0 dagger
              (2 damage)
             ... on level 3 of the Dungeon.
             The game lasted 00:22:08 (7408 turns).

dmks the Sneak (Octopode Hedge Wizard)              Turns: 7408, Time: 00:22:09

Health: -1/36      AC:  1    Str:  9    XL:     6   Next: 71%
Magic:  4/12       EV: 15    Int: 18    God:
Gold:   303        SH:  0    Dex: 18    Spells: 10/13 levels left

rFire    x . .     SeeInvis .   a - +0 dagger
rCold    + . .     Faith    .   (no shield)
rNeg     . . .     Spirit   .   b - +0 hat
rPois    +         Reflect  .   (no amulet)
rElec    .         Harm     .   p - ring of poison resistance
rCorr    .         Rampage  .   r - +6 ring of dexterity
MR       .....                  u - ring of ice
Stlth    ++++......             (no ring)
HPRegen  0.12/turn              (no ring)
MPRegen  0.13/turn              (no ring)
                                (no ring)
                                (no ring)

@: very slightly contaminated
A: almost no armour, stealthy swim, amphibious, 8 rings, constrict 8, camouflage
1, gelatinous body 1
a: no special abilities


You were on level 3 of the Dungeon.
You visited 1 branch of the dungeon, and saw 4 of its levels.

You collected 303 gold pieces.

Inventory:

Hand Weapons
 a - a +0 dagger (weapon)
 q - a +0 dagger
   (You took it off a goblin on level 2 of the Dungeon)
Armour
 b - a +0 hat (worn)
Jewellery
 p - a ring of poison resistance (left tentacle)
   (You took it off a goblin on level 2 of the Dungeon)
 r - a +6 ring of dexterity (right tentacle)
   (You found it on level 2 of the Dungeon)
 u - a ring of ice (on tentacle)
   (You found it on level 3 of the Dungeon)
Scrolls
 c - 5 scrolls of teleportation {unknown}
 d - a scroll of remove curse {unknown}
 e - 2 scrolls of fear {unknown}
 i - a scroll of blinking {unknown}
 j - a scroll of immolation {unknown}
 l - 2 scrolls of magic mapping {unknown}
 n - a scroll of enchant armour {unknown}
 o - 5 scrolls of identify {unknown}
 s - a scroll of fog {unknown}
Potions
 f - a potion of attraction {unknown}
 g - a potion of haste {unknown}
 h - a potion of brilliance {unknown}
 k - 3 potions of degeneration {unknown}
 m - 3 potions of curing {unknown}
 t - a potion of heal wounds {unknown}
 v - a potion of invisibility {unknown}


   Skills:
 + Level 3.5 Dodging
 - Level 5.0 Stealth
 * Level 4.4 Spellcasting
 + Level 3.5 Conjurations
 - Level 1.0 Summonings
   Level 1.0 Translocations


You had 10 spell levels left.
You knew the following spells:

 Your Spells              Type           Power        Failure   Level
a - Magic Dart            Conj           ###.         3%          1
x - Call Imp              Summ           #.......     14%         2

Your spell library contained the following spells:

 Spells                   Type           Power        Failure   Level
 Blink                    Tloc           N/A          14%         2
 Conjure Flame            Conj/Fire      ##......     21%         3
 Slow                     Hex            #.......     22%         2
 Mephitic Cloud           Conj/Pois/Air  #.......     26%         3


Dungeon Overview and Level Annotations

Branches:
Dungeon (4/15)
 Temple: D:4-7

Altars:
Gozag
Hepliaklqana
Makhleb
Nemelex Xobeh

Annotations:
D:4 Edmund


Innate Abilities, Weirdness & Mutations

You cannot wear most types of armour.
You are very stealthy in the water. (Stealth+)
You are amphibious.
You can wear up to eight rings at the same time.
You can use your tentacles to constrict eight enemies at once.
Your skin changes colour to match your surroundings (Stealth+).
Your rubbery body absorbs attacks. (AC +1, EV +1)


Message History

A puff of flame appears from out of thin air!
The puff of flame misses you.
A beastly little devil appears in a puff of flame.
Something closely misses you.
A beastly little devil appears in a puff of frigid air.
Something hits you. Something hits you.
* * * LOW HITPOINT WARNING * * *
You hear some strange, mumbled words.
A puff of flame appears from out of thin air!
The puff of flame hits you! The fire burns you terribly!
* * * LOW HITPOINT WARNING * * *
Your white imp barely misses something.
Your crimson imp hits something.
Your white imp closely misses something.
Something misses your crimson imp.
Your crimson imp hits something but does no damage.
You can't see any susceptible monsters within range! (Use Z to cast anyway.)
You can't see any susceptible monsters within range! (Use Z to cast anyway.) Sorry, you're not good enough to have a special ability.
You can't see any susceptible monsters within range! (Use Z to cast anyway.)
Something hits your crimson imp.
Something barely misses your crimson imp.
You start resting.
Something hits your crimson imp but does no damage.
A puff of flame appears from out of thin air!
The puff of flame hits your white imp.
Your white imp is burned terribly!
A magic dart appears from out of thin air!
The magic dart hits your white imp!
Your white imp dies!
You hear some strange, mumbled words.
A magic dart appears from out of thin air!
The magic dart hits your crimson imp. Something hits your crimson imp.
Your crimson imp disappears in a puff of smoke!
You hear some strange, mumbled words.
Something tries to affect you, but you resist.
You miscast Call Imp.
You are very lightly contaminated with residual magic.
Nothing appears to happen.
Something hits you.
* * * LOW HITPOINT WARNING * * *
You miss something. You squeeze something. Something hits you.
* * * LOW HITPOINT WARNING * * *
A beastly little devil appears in a puff of flame.
Your crimson imp says, "You called?"
Something hits you.
You die...

#.#........######.#..[
##.>.######.##.......##
##.###.###.<.#...##.###.
##.## ##.##........<[.#..
#.## ##.#...#...#####8.
#.# #.....##.######∩. #.##
##.##..##.##...##. #..##
##.###..##.##.#####
#.#.###.@{..[..........##
##.##....####..#.>........
#...###.5# #.5(..##.##.##
#.#.###..# #.....##.##.#
#.._..#..####.....##.##.##
###.#.>...................
#...#..####............#
#####..# ###..###.##..#
#..# #.## #.##...


You could see a friendly crimson imp (summoned).

Vanquished Creatures
  2 hounds (D:4)
  A gnoll (D:1)
  4 adders
  A worm (D:3)
  2 leopard geckos
  7 orcs
  A giant cockroach (D:3)
  12 goblins
  6 hobgoblins
  2 quokkas (D:3)
  A ball python (D:3)
  6 bats
  4 frilled lizards
  9 kobolds
  7 rats
65 creatures vanquished.

Vanquished Creatures (collateral kills)
  The ghost of Bliebski the Insei, an amateur OpTm (D:3)
  A bullfrog (D:3)
  An orc wizard (D:3)
  Natasha (thrice) (D:2)
  An adder (D:2)
  2 worms (D:3)
  A dart slug (D:2)
  6 orcs
  A giant cockroach (D:3)
  2 hobgoblins (D:2)
  A bat (D:2)
  2 frilled lizards
  3 goblins (D:2)
25 creatures vanquished.

Grand Total: 90 creatures vanquished

Notes
Turn   | Place    | Note
-------+----------+-------------------------------------------
     0 | D:1      | dmks the Octopode Hedge Wizard began the quest for the Orb.
     0 | D:1      | Reached XP level 1. HP: 11/11 MP: 4/4
   146 | D:1      | Reached skill level 3 in Stealth
   146 | D:1      | Reached XP level 2. HP: 9/17 MP: 0/6
   668 | D:1      | Reached XP level 3. HP: 21/21 MP: 3/7
  1298 | D:2      | Noticed Natasha
  1338 | D:1      | Learned a level 2 spell: Call Imp
  1365 | D:2      | Killed Natasha
  1816 | D:2      | Reached XP level 4. HP: 27/27 MP: 3/9
  2043 | D:2      | Found a sparkling altar of Nemelex Xobeh.
  2302 | D:2      | Noticed Natasha
  2310 | D:2      | Killed Natasha
  2343 | D:2      | Noticed Natasha
  2364 | D:2      | Killed Natasha
  4684 | D:3      | Reached XP level 5. HP: 31/31 MP: 8/10
  4799 | D:3      | Reached skill level 4 in Stealth
  5027 | D:3      | Found a hazy altar of Hepliaklqana.
  5106 | D:3      | Found a runed translucent gate.
  5107 | D:3      | Found a runed translucent gate.
  5108 | D:3      | Found a runed translucent gate.
  5134 | D:3      | Found an opulent altar of Gozag.
  5135 | D:3      | Noticed Bliebski's ghost (amateur OpTm)
  6082 | D:3      | Reached XP level 6. HP: 11/36 MP: 1/12
  6448 | D:3      | Killed Bliebski's ghost
  6568 | D:4      | Noticed Edmund
  6740 | D:4      | Found a burning altar of Makhleb.
  6820 | D:4      | Reached skill level 5 in Stealth
  7407 | D:3      | HP: 1/36 [something (6)]
  7408 | D:3      | Slain by an orc wizard

Illustrated notes

Levels and vault maps discovered:
D:1:      psy_arrival_whirlpool, layout_loops_cross, minmay_misc_feat_columns,
          minivault_27, minmay_misc_feat_alley, roderic_roman_lattice,
          kennysheep_decorative_pillar, minmay_misc_feat_diagonals
D:2:      layout_basic, overflow_temple_1_default, uniq_natasha
D:3:      minmay_inner_zag, layout_loops_ring, lemuel_crystal_altar,
          ebering_ghost_gozag, grunt_decor_junction
D:4:      layout_rooms, makhleb_blood_cavern_becter, serial_shops,
          kennysheep_little_box, grunt_decor_fettered, uniq_edmund

Skill      XL: |  1  2  3  4  5  6 |
---------------+-------------------+-----
Stealth        | 3 4 5 |  5.0
Conjurations   | 2 3 |  3.5
Dodging        | 3 |  3.5
Spellcasting   | 4 |  4.4
Summonings     | |  1.0
Translocations | |  1.0

Action                   |  1- 3 |  4- 6 || total
-------------------------+-------+-------++-------
Melee: Dagger            |     4 |     9 ||    13
       Constrict         |     3 |     2 ||     5
       Tentacles         |       |     3 ||     3
 Cast: Magic Dart        |    56 |   133 ||   189
       Call Imp          |     4 |    45 ||    49
Armor: Skin              |     2 |       ||     2
Dodge: Dodged            |    16 |    43 ||    59

Table legend: (Time is in decaauts)
 A = Elapsed time spent in this place.
 B = Non-inter-level travel time spent in this place.
 C = Inter-level travel time spent in this place.
 D = Time resting spent in this place.
 E = Time spent auto-exploring this place.
 F = Levels seen in this place.
 G = Mean time per level.
                   A        B        C        D        E       F      G
               +--------+--------+--------+--------+--------+-----+--------+
         Total |   7420 |   7334 |     86 |   3261 |   2976 |   4 | 1855.0 |
       Dungeon |   7420 |   7334 |     86 |   3261 |   2976 |   4 | 1855.0 |
               +--------+--------+--------+--------+--------+-----+--------+

Top non-repeatable levels by time:
     D:2: 3208 daAuts
     D:3: 2372 daAuts
     D:1: 1356 daAuts
     D:4: 483 daAuts
